 Dungeon Crawl Stone Soup version 0.29.1-1-gd02db6906a (webtiles) character file.

Game seed: 10681558498627538561

2948 warriortoast the Thaumaturge (level 9, -2/45 HPs)
             Began as a Deep Elf Conjurer on Sept 22, 2022.
             Was a Follower of Vehumet.
             Killed from afar by a swamp worm (18 damage)
             ... with a harpoon shot
             ... on level 8 of the Dungeon.
             The game lasted 00:36:26 (12190 turns).

warriortoast the Thaumaturge (Deep Elf Conjurer)   Turns: 12190, Time: 00:36:27

Health: -2/45      AC: 11    Str: 10    XL:     9   Next: 51%
Magic:  23/26      EV: 12    Int: 26    God:    Vehumet [*.....]
Gold:   130        SH:  0    Dex: 16    Spells: 16/30 levels left

rFire   . . .      SeeInvis .   x - +1 long sword "Lomag" {elec, Str+4 Dex+3}
rCold   . . .      Faith    .   (no shield)
rNeg    . . .      Spirit   .   a - +0 robe
rPois   .          Reflect  .   (no helmet)
rElec   .          Harm     .   M - +0 cloak
rCorr   .          Rampage  .   H - +0 pair of gloves
Will    .....                   T - +2 pair of boots
Stlth   ++........              l - amulet of the acrobat
HPRegen 0.15/turn               d - +4 ring of protection
MPRegen 0.20/turn               S - ring of wizardry

@: about to teleport
A: no striking features
a: Renounce Religion


You were on level 8 of the Dungeon.
You worshipped Vehumet.
Vehumet was aware of your devotion.
You visited 2 branches of the dungeon, and saw 9 of its levels.

You collected 370 gold pieces.
You spent 240 gold pieces at shops.

Inventory:

Hand Weapons
 x - the +1 long sword "Lomag" (weapon) {elec, Str+4 Dex+3}
   (You found it on level 5 of the Dungeon)

   It occasionally discharges a powerful burst of electricity upon striking a
   foe.
   Str:       It affects your strength (+4).
   Dex:       It affects your dexterity (+3).
 y - a +1 dagger
 G - a +4 short sword
 N - the +2 hammer of Lisic {antimagic, Fly rF+}
   (You found it on level 6 of the Dungeon)

   It reduces the magical energy of the wielder, and disrupts the spells and
   magical abilities of those it strikes.
   Natural abilities and divine invocations are not affected.
   rF:        It protects you from fire.
   Fly:       It grants you flight.
Missiles
 f - 31 poisoned darts
 Q - a throwing net
Armour
 a - a +0 robe (worn)
 H - a +0 pair of gloves (worn)
 I - a scarf of repulsion
 M - a +0 cloak (worn)
 T - a +2 pair of boots (worn)
Jewellery
 d - a +4 ring of protection (left hand)
 l - an amulet of the acrobat (around neck)
 v - a ring of willpower
 A - an amulet of faith
 B - an amulet of regeneration
 C - a ring of fire
 E - a ring of willpower
 S - a ring of wizardry (right hand)
Wands
 w - a wand of mindburst (8)
 O - a wand of polymorph (20)
Scrolls
 c - 2 scrolls of enchant weapon
 g - a scroll of fear
 h - a scroll of fog
 i - a scroll of noise
 k - 2 scrolls of blinking
 m - 7 scrolls of teleportation
 n - a scroll of poison {unknown}
 o - 2 scrolls of vulnerability {unknown}
 p - 2 scrolls of enchant armour {unknown}
 q - a scroll of magic mapping {unknown}
 s - 2 scrolls of acquirement {unknown}
 D - 2 scrolls of identify
 J - a scroll of amnesia
 K - a scroll of immolation {unknown}
 P - a scroll of brand weapon {unknown}
Potions
 b - a potion of magic
 e - a potion of haste
 j - 3 potions of lignification
 r - a potion of cancellation
 t - 2 potions of invisibility
 u - 3 potions of curing
 z - a potion of flight
 F - a potion of degeneration
 L - a potion of heal wounds
 R - a potion of mutation {unknown}


   Skills:
 - Level 2.4 Dodging
 - Level 2.4 Stealth
 + Level 11.4 Spellcasting
 + Level 10.2 Conjurations
 - Level 4.0 Hexes
 - Level 5.0 Fire Magic


You had 16 spell levels left.
You knew the following spells:

 Your Spells              Type           Power      Damage    Failure   Level
a - Magic Dart            Conj           100%       1d8       1%          1
b - Dazzling Flash        Conj/Hex       100%       N/A       1%          3
c - Fulminant Prism       Conj/Hex       25%        3d14      1%          4
d - Mephitic Cloud        Conj/Pois/Air  32%        N/A       1%          3
e - Ignite Poison         Fire/Tmut/Pois 23%        N/A       2%          3

Your spell library contained the following spells:

 Spells                   Type           Power      Damage    Failure   Level
 Freeze                   Ice            56%        1d7       1%          1
 Sandblast                Erth           28%        2d8       1%          1
 Searing Ray              Conj           100%       2d8       1%          2
 Stone Arrow              Conj/Erth      82%        3d12      1%          3
 Iskenderun's Mystic Bla  Conj/Tloc      41%        2d9       1%          4
 Passwall                 Tmut/Erth      11%        N/A       2%          2
 Freezing Cloud           Conj/Ice/Air   16%        6-21      11%         5


Dungeon Overview and Level Annotations

Branches:
Dungeon (8/15)             Temple (1/1) D:4
   Lair: D:8-11

Altars:
Ashenzari
Dithmenos
Elyvilon
Gozag
Hepliaklqana
Kikubaaqudgha
Makhleb
Nemelex Xobeh
Okawaru
Qazlal
Ru
Sif Muna
Trog
Uskayaw
Vehumet
Wu Jian
Yredelemnul
Zin
The Shining One

Shops:
D:1 ?   D:4 :   D:5 (:[?   D:6 [   D:7 (

Annotations:
D:7 3 runed translucent doors, ChongLi's ghost, novice GrEE


Message History

The swamp worm bites the plant!
You continue putting on your +2 pair of boots.
A nearby plant withers and dies.
You finish putting on your +2 pair of boots.
Casting: Fulminant Prism (dangerous; 1% risk of failure)
Confirm with . or Enter, or press ? or * to list all spells.
Aiming: Fulminant Prism (dangerous; 1% risk of failure)
Press: ? - help, Dir - move target You conjure a prism of explosive energy!
A fulminant prism comes into view.
A nearby plant withers and dies.
The swamp worm fires a harpoon shot at you.
The harpoon shot hits your fulminant prism!
Your fulminant prism detonates feebly.
The swamp worm fires a harpoon shot at you.
The harpoon shot hits you.
You are yanked forward by the harpoon shot.
Splash!
You fall into the shallow water.
Moving in this stuff is going to be slow.
You hear an angry buzzing noise.
The swamp worm attacks as you move away!
The swamp worm bites you!!
The swamp worm fires a harpoon shot at you.
The harpoon shot misses you.
The swamp worm fires a harpoon shot at you.
The harpoon shot misses you.
Blink to where?
Press: ? - help, Dir - move target
As you read the scroll of blinking, it crumbles to dust.
A nearby plant withers and dies.
As you read the scroll of teleportation, it crumbles to dust.
You feel strangely unstable.
A killer bee comes into view.
The swamp worm fires a harpoon shot at you.
The harpoon shot hits you!
You are yanked forward by the harpoon shot.
The swamp worm fires a harpoon shot at you.
The harpoon shot hits you!!
You die...

# .##### # .~~~~~
.## ###y~≈~≈ ..#
##~~~~# #
#.###~~≈###~#
#.#.@w~~#~~~~ ~#
#.#.#~~~~~~~~~ ~~#
#....~~w#?~~~~ #≈~#
####.~~≈###~###≈~~#
##.~~~~###~~~~#
###.~~≈~≈~~.#
###~~~~~#.# #######
##...##.# ......#
###....#


You could see 2 swamp worms and a killer bee (wandering).

Vanquished Creatures
  Grinder (D:6)
  A steam dragon (D:6)
  3 sky beasts
  A black bear (D:5)
  An orc warrior (D:5)
  An ice beast (D:6)
  An ogre (D:5)
  A centaur (D:6)
  A phantom (D:6)
  A kobold brigand (D:7)
  2 scorpions
  2 bullfrogs
  A necrophage (D:4)
  8 wights
  6 killer bees (D:8)
  2 jellies
  2 hounds (D:6)
  Crazy Yiuf (D:6)
  An orc priest (D:6)
  A gnoll bouda (D:6)
  Ijyb (D:3)
  4 iguanas
  7 orc wizards
  4 gnolls (D:6)
  8 adders
  3 shadow imps
  A white imp (D:6)
  An ufetubus (D:5)
  2 worms
  2 dart slugs
  21 orcs
  8 bats
  5 endoplasms
  2 giant cockroaches
  9 goblins
  5 hobgoblins
  4 quokkas
  5 ball pythons
  3 frilled lizards
  16 kobolds
  11 rats
160 creatures vanquished.

Vanquished Creatures (others)
  52 fulminant prisms
  A fungus (D:6)
  4 plants (D:8)
57 creatures vanquished.

Grand Total: 217 creatures vanquished

Notes
Turn   | Place    | Note
-------+----------+-------------------------------------------
     0 | D:1      | warriortoast the Deep Elf Conjurer began the quest for the
                  | Orb.
     0 | D:1      | Reached XP level 1. HP: 10/10 MP: 6/6
   249 | D:1      | Reached XP level 2. HP: 15/15 MP: 4/8
   547 | D:1      | Found a faded altar of an unknown god.
   787 | D:1      | Found Esorom's Magic Scroll Shop.
   792 | D:1      | Bought a scroll of blinking for 97 gold pieces
  1059 | D:2      | Reached skill level 4 in Spellcasting
  1103 | D:2      | Reached XP level 3. HP: 19/19 MP: 8/10
  1131 | D:2      | Reached skill level 5 in Conjurations
  1888 | D:3      | Noticed Ijyb
  1896 | D:3      | Killed Ijyb
  1897 | D:3      | Reached XP level 4. HP: 21/24 MP: 3/12
  2600 | D:3      | Reached skill level 5 in Spellcasting
  3480 | D:4      | Reached XP level 5. HP: 28/28 MP: 9/15
  3535 | D:4      | Learned a level 3 spell: Dazzling Flash
  3540 | D:4      | Learned a level 4 spell: Fulminant Prism
  3544 | D:4      | Learned a level 3 spell: Mephitic Cloud
  3548 | D:4      | Learned a level 3 spell: Ignite Poison
  3713 | D:4      | Found a staircase to the Ecumenical Temple.
  3725 | Temple   | Entered the Ecumenical Temple
  4071 | D:4      | Reached skill level 6 in Spellcasting
  4147 | D:4      | Found an ornate altar of the Wu Jian Council.
  4157 | D:4      | Reached XP level 6. HP: 22/32 MP: 11/17
  4403 | D:4      | Found Daq Syff's Book Emporium.
  4506 | D:1      | Bought a scroll of teleportation for 39 gold pieces
  4506 | D:1      | Bought a scroll of identify for 26 gold pieces
  5168 | D:5      | Entered Level 5 of the Dungeon
  5168 | D:5      | Found Arausy's Magic Scroll Boutique.
  5197 | D:5      | Noticed an orc warrior
  5470 | D:5      | Found Votziasu's Antique Weapon Boutique.
  5483 | D:5      | Reached skill level 1 in Hexes
  5565 | D:5      | Reached skill level 7 in Spellcasting
  5812 | D:5      | Reached XP level 7. HP: 36/36 MP: 4/19
  6655 | D:5      | Found Pyfuly's Armour Shoppe.
  6682 | D:5      | Reached skill level 8 in Spellcasting
  6996 | D:5      | Identified the +1 long sword "Lomag" {elec, Str+4 Dex+3}
  7032 | D:5      | Found Laru's Book Boutique.
  7332 | D:5      | Noticed a two-headed ogre
  7334 | D:5      | Noticed a wyvern
  7504 | D:5      | Reached XP level 8. HP: 41/41 MP: 16/22
  7603 | D:5      | Reached skill level 9 in Spellcasting
  7750 | D:6      | Found a radiant altar of Vehumet.
  7762 | D:6      | Became a worshipper of Vehumet
  7794 | D:6      | Reached skill level 1 in Fire Magic
  8755 | D:1      | Bought a scroll of identify for 26 gold pieces
  8755 | D:1      | Bought a scroll of identify for 26 gold pieces
  8755 | D:1      | Bought a scroll of identify for 26 gold pieces
  9112 | D:6      | Noticed Grinder
  9118 | D:6      | Killed Grinder
  9119 | D:6      | Reached skill level 10 in Spellcasting
  9517 | D:6      | Found Ucka's Armour Boutique.
  9884 | D:6      | Found a runed translucent door.
  9885 | D:6      | Noticed Crazy Yiuf
  9936 | D:6      | Killed Crazy Yiuf
  9937 | D:6      | Reached XP level 9. HP: 45/45 MP: 2/25
  9990 | D:6      | Identified the +2 hammer of Lisic {antimagic, Fly rF+}
 11094 | D:7      | Found Tuvaiju's Antique Weapon Shoppe.
 11292 | D:7      | Reached skill level 5 in Fire Magic
 11324 | D:7      | Found a shadowy altar of Dithmenos.
 11365 | D:7      | Found a runed translucent gate.
 11365 | D:7      | Found a runed translucent gate.
 11480 | D:7      | Found a runed translucent gate.
 11483 | D:7      | Noticed a spectral unseen horror
 11486 | D:7      | Noticed ChongLi's ghost (novice GrEE)
 11809 | D:8      | Reached skill level 11 in Spellcasting
 11886 | D:8      | Reached * piety under Vehumet
 11886 | D:8      | Offered knowledge of Freeze by Vehumet.
 11893 | D:8      | Reached skill level 10 in Conjurations
 12190 | D:8      | Killed from afar by a swamp worm

Illustrated notes

Levels and vault maps discovered:
D:1:      kennysheep_arrival_seaside, layout_basic,
          shapermc_ecumenical_altar_mp_vishouse, serial_shops,
          nicolae_shop_hallway_plus, minmay_rat_gold_closets
D:2:      layout_loops_ring
D:3:      layout_loops_ring, minmay_bisected, uniq_ijyb
D:4:      layout_basic, old_standard_altar, minmay_temple_entry_sparse_star,
          serial_shops, nicolae_shop_statue_plus
D:5:      layout_rooms, serial_shops, shop, nicolae_shop_statue_plus, shop,
          nicolae_shop_window_shopping, lightli_corner_chamber
D:6:      layout_layer_cave, nicolae_vehumet_radiance, serial_shops, shop,
          lightli_orcish_oven, uniq_grinder, uniq_crazy_yiuf_cottage
D:7:      layout_loops_ring, mainiacjoe_overflow_alcove_2,
          gammafunk_ghost_necromancy, serial_shops, kennysheep_mini_moat,
          nicolae_concentric_dashed_squares_wild
D:8:      layout_basic, worms_lemuel, uniq_maggie
Temple:   nicolae_temple_bog_church

Skill      XL: |  1  2  3  4  5  6  7  8  9 |
---------------+----------------------------+-----
Spellcasting   | 4 5 6 7 8 10 11 | 11.4
Conjurations   | 5 6 7 9 10 | 10.2
Hexes          | 2 4 |  4.0
Fire Magic     | 4 5 |  5.0
Dodging        | |  2.4
Stealth        | |  2.4

Action                   |  1- 3 |  4- 6 |  7- 9 || total
-------------------------+-------+-------+-------++-------
Melee: Dagger            |       |       |    12 ||    12
       Long sword        |       |       |     1 ||     1
       Punch             |       |       |     1 ||     1
 Cast: Magic Dart        |    78 |   154 |   103 ||   335
       Fulminant Prism   |       |     1 |    51 ||    52
       Mephitic Cloud    |       |       |     8 ||     8
       Ignite Poison     |       |       |     2 ||     2
  Use: Scroll            |       |    10 |     6 ||    16
       Potion            |       |       |     2 ||     2
 Stab: Confused          |       |       |     1 ||     1
Armor: Robe              |     2 |     4 |    22 ||    28
Dodge: Dodged            |     5 |    13 |    32 ||    50
